 Dungeon Crawl Stone Soup version 0.20-a0-493-g19c8d8d (webtiles) character file.

170 Klosterheim the Skirmisher (level 5, -3/47 HPs)
             Began as a Draconian Fighter on Jan 16, 2017.
             Was an Initiate of Makhleb.
             Slain by Klosterheim's ghost (4 damage)
             ... on level 4 of the Dungeon.
             The game lasted 00:06:32 (2034 turns).

Klosterheim the Skirmisher (Draconian Fighter)      Turns: 2034, Time: 00:06:33

Health: -3/47      AC:  6    Str: 19    XL:     5   Next: 25%
Magic:  5/5        EV: 10    Int:  8    God:    Makhleb [......]
Gold:   176        SH:  9    Dex: 11    Spells: 4/4 levels left

rFire    . . .     SeeInvis .   a - +0 war axe
rCold    . . .     Gourm    .   (armour unavailable)
rNeg     . . .     Faith    .   b - +0 shield
rPois    .         Spirit   .   (helmet restricted)
rElec    .         Reflect  .   (no cloak)
rCorr    .         Harm     .   u - +0 pair of gloves
MR       .....                  (no boots)
Stlth    +.........             (no amulet)
Regen    0.2/turn               (no ring)
                                (no ring)

@: no status effects
A: unfitting armour, cold-blooded, AC +5
a: Renounce Religion


You were on level 4 of the Dungeon.
You worshipped Makhleb.
Makhleb was noncommittal.
You were not hungry.

You visited 2 branches of the dungeon, and saw 5 of its levels.

You collected 176 gold pieces.

Inventory:

Hand Weapons
 a - a +0 war axe (weapon)
Armour
 b - a +0 shield (worn)
 u - a +0 pair of gloves (worn)
Wands
 x - a wand of iceblast (10/15)
Scrolls
 e - 3 scrolls of remove curse {unknown}
 f - 5 scrolls of identify {unknown}
 h - 2 scrolls of teleportation {unknown}
 i - 2 scrolls of recharging {unknown}
 j - a scroll of blinking {unknown}
 m - 2 scrolls of magic mapping {unknown}
 r - 2 scrolls of enchant weapon {unknown}
 v - a scroll of amnesia {unknown}
Potions
 c - 2 potions of might
 g - 2 potions of curing {unknown}
 q - a potion of cancellation {unknown}
 s - a potion of degeneration {unknown}
 z - a potion of brilliance {unknown}
 A - a potion of ambrosia {unknown}
Books
 l - a book of Cantrips

   Spells                             Type                      Level
   a - Confusing Touch                Hexes                        1
   b - Animate Skeleton               Necromancy                   1
   c - Summon Small Mammal            Summoning                    1
   d - Apportation                    Translocation                1
Comestibles
 d - 3 bread rations
 k - a beef jerky
 n - a meat ration
 o - 2 chunks of flesh
 p - a slice of pizza
 t - 4 fruits
 w - 2 royal jellies


   Skills:
 + Level 4.5 Fighting
 * Level 4.5 Axes
 - Level 2.8 Dodging
 - Level 3.0 Shields


You had 4 spell levels left.
You didn't know any spells.

Dungeon Overview and Level Annotations

Branches:
Dungeon (4/15)             Temple (1/1) D:4

Altars:
Ashenzari
Cheibriados
Dithmenos
Elyvilon
Fedhas
Gozag
Hepliaklqana
Kikubaaqudgha
Makhleb
Nemelex Xobeh
Okawaru
Qazlal
Ru
Sif Muna
Trog
Uskayaw
Vehumet
Xom
Yredelemnul
Zin
The Shining One

Annotations:
D:4 Klosterheim's ghost, amateur DsNe


Innate Abilities, Weirdness & Mutations

Your plain brown scales are hard. (AC +5)
You cannot fit into any form of body armour.
You are cold-blooded and may be slowed by cold attacks.


Message History

Klosterheim's ghost is severely damaged.
You block Klosterheim's ghost's attack.
You closely miss Klosterheim's ghost.
Your tail-slap misses Klosterheim's ghost.
Klosterheim's ghost is severely damaged.
Klosterheim's ghost casts a spell at you.
You barely resist. Klosterheim's ghost hits you.
* * * LOW HITPOINT WARNING * * *
You hit Klosterheim's ghost.
Klosterheim's ghost is severely damaged.
Klosterheim's ghost closely misses you.
You hit Klosterheim's ghost but do no damage.
You tail-slap Klosterheim's ghost, but do no damage.
Klosterheim's ghost is severely damaged.
Klosterheim's ghost barely misses you.
Your shield prevents you from hitting Klosterheim's ghost.
You tail-slap Klosterheim's ghost, but do no damage.
Klosterheim's ghost is severely damaged.
Klosterheim's ghost barely misses you. Klosterheim's ghost hits you.
You die...

#############
#.......@W.$#
######
#.#########.#
.....####.######
.................
............#####
......##<...#
.#(..###.#..#
.#..## #.#..#
....# #.#..#


You could see Klosterheim's ghost.

Vanquished Creatures
  Terence (D:2)
  A worker ant (D:4)
  Robin (D:2)
  3 adders
  A worm (D:3)
  4 dart slugs
  A leopard gecko (D:3)
  An orc (D:3)
  2 bats
  5 giant cockroaches
  12 goblins
  10 hobgoblins
  2 jackals (D:2)
  A quokka (D:2)
  3 ball pythons
  A frilled lizard (D:3)
  8 kobolds
  2 leopard gecko skeletons
  7 rats
66 creatures vanquished.

Notes
Turn   | Place    | Note
-------+----------+-------------------------------------------
     0 | D:1      | Klosterheim the Draconian Fighter began the quest for the Orb.
     0 | D:1      | Reached XP level 1. HP: 19/19 MP: 1/1
   162 | D:1      | Reached XP level 2. HP: 22/26 MP: 2/2
   660 | D:2      | Reached XP level 3. HP: 30/33 MP: 3/3
   714 | D:2      | Noticed Robin
   737 | D:2      | Killed Robin
   825 | D:2      | Noticed Terence
   864 | D:2      | Killed Terence
   864 | D:2      | Reached XP level 4. HP: 17/40 MP: 4/4
  1199 | D:2      | Found a faded altar of an unknown god.
  1833 | D:4      | Found a staircase to the Ecumenical Temple.
  1842 | Temple   | Entered the Ecumenical Temple
  1923 | Temple   | Became a worshipper of Makhleb the Destroyer
  1947 | D:4      | Reached XP level 5. HP: 39/47 MP: 5/5
  2018 | D:4      | Noticed Klosterheim's ghost (amateur DsNe)
  2027 | D:4      | HP: 2/47 [Klosterheim's ghost/nerve-wracking pain (13)]
  2034 | D:4      | Slain by Klosterheim's ghost

Vault maps used:
D:1:      minmay_arrival_doors
D:2:      chequers_ecumenical_altar_simple_redux, uniq_robin, uniq_terence
D:3:      first_bread
D:4:      uniq_duvessa
Temple:   grunt_wide_crystal_templ

Skill      XL: |  1  2  3  4 |
---------------+-------------+-----
Axes           | 3 4 |  4.5
Fighting       | 4 |  4.5
Dodging        | |  2.8
Shields        | |  3.0

Action                   |  1- 3 |  4- 6 || total
-------------------------+-------+-------++-------
Melee: War axe           |    87 |   112 ||   199
       Tailslap          |    12 |    13 ||    25
 Stab: Sleeping          |     1 |       ||     1
  Eat: Chunk             |       |     4 ||     4
Armor: Skin              |    20 |    24 ||    44
Dodge: Dodged            |    28 |    45 ||    73
Block: Shield            |    33 |    54 ||    87
